woodfighter, neutral female gnomish Ranger --------- |.......| ----- @|...@...| A ----- ...| A|...@...| |... ---------..-- -------- |.@..A..| --------- --..--------- |.......|...-- --.......- |A |.@.....|@A| --.......-- --...|)......| |.......|....---.........- |. ----|---- .| -........%---....|.......| |..._...)[...%%........... |....AV@.@A@..| ...........[[....-$.._...| |.......|....---.........- ---....@.@..--- -.........---....|.......| |.......|...-- --.......- -----|----- --)..)...-- --...|.......| ---------..-- ----|---- --...A...-- ----)---- --..--------- ...| |...--------.........--------...| |... ----- |.........|.....&.....|.........| ----- -------...--.........--...------- |.[..--...A.@.--....| ---..%----|----...--- |....%).@.......| ----------------- woodfighter the Markswoman Experience level: 30 Strength: 25 Dexterity: 19 Constitution: 17 Intelligence: 23 Wisdom: 22 Charisma: 14 Health: 150(195) Energy: 173(173) Def: 57 Gold: 0 Moves: 42288 Dungeon seed: WizkX_dC3NQraF7B Game ID: woodfighter_1542475024 Your Inventory: Amulets K - a blessed amulet of life saving (being worn) O - the blessed rustproof Eye of the Aethiopica Y - a blessed rustproof amulet of flying Weapons a - the blessed thoroughly burnt +1 Longbow of Diana (weapon in hand) j - 70 blessed +7 elven arrows (in quiver) R - a blessed +6 knife named Knife of Reckoning (alternate weapon; not wielded) Armor e - a blessed rustproof +4 pair of gauntlets of power (being worn) k - a blessed +6 elven mithril-coat (being worn) n - a blessed greased +5 shield of reflection (being worn) r - a blessed greased rustproof +4 helm of brilliance (being worn) E - a blessed +4 T-shirt (being worn) S - a blessed thoroughly burnt +5 pair of speed boots (being worn) U - a blessed greased +5 cloak of protection (being worn) Comestibles b - a blessed K-ration Z - a blessed lizard corpse Potions M - 2 blessed potions of full healing Rings o - a blessed ring of free action (on left hand) T - a blessed ring of regeneration (on right hand) Wands d - a blessed wand of digging (0:2) f - a blessed wand of fire (0:4) g - a blessed wand of death (0:7) h - a blessed wand of teleportation (0:3) Tools i - a blessed stethoscope q - a +0 unicorn horn s - a blessed bag of holding w - a blessed +0 unicorn horn y - a blessed skeleton key z - a blessed magic lamp (lit) Gems X - a blessed luckstone Contents of the bag of holding: a blessed amulet of life saving a blessed amulet of life saving 8 blessed +7 arrows 91 blessed +6 arrows a blessed +8 bow named Bow of Yendor 56 blessed +7 elven arrows 13 blessed K-rations 8 blessed cram rations 8 blessed eggs a blessed eucalyptus leaf 5 blessed lembas wafers 2 blessed lizard corpses 2 blessed sprigs of wolfsbane 7 blessed scrolls of blank paper 14 uncursed scrolls of blank paper a blessed scroll of charging 2 blessed scrolls of gold detection 7 blessed scrolls of remove curse 3 blessed scrolls of taming 3 blessed potions of confusion 14 blessed potions of full healing 5 potions of holy water a blessed wand of death (0:2) a blessed wand of death (0:1) a blessed wand of death (0:1) a wand of digging (0:7) a wand of digging (0:6) a wand of digging (0:6) a wand of digging (0:6) a wand of digging (0:5) a wand of digging (0:5) a wand of digging (0:5) a can of grease (0:12) a fireproof magic marker (0:10) a blessed towel a blessed +0 unicorn horn Spells and supernatural/magical abilities: Name Level Category Fail Memory a - force bolt 1* attack 100% 0% l - light 1* divination 100% 0% n - detect monsters 1* divination 100% 0% G - detect treasure 4* divination 100% 0% W - pray for help -- divine ? -- Your skills at the end: Miscellaneous Skills shield [Skilled] wands [Expert] stealth [Expert] Weapon Skills dagger [Basic] knife [Skilled] club [Basic] bow [Expert] crossbow [Basic] Spellcasting Skills divination spells [Basic] Final Attributes: You were piously aligned. You were fire resistant. You were cold resistant. You were sleep resistant. You were disintegration-resistant. You were shock resistant. You were poison resistant. You were magic-protected. You saw invisible. You were telepathic. You had automatic searching. You had infravision. You were invisible to others. You were very stealthy. You regenerated. You were protected. You were very fast. You had reflection. You had free action. Your life would have been saved. You were extremely lucky. You had extra luck. Good luck did not time out for you. You survived. Vanquished creatures: Baalzebub Dispater Orcus Yeenoghu Juiblex The Wizard of Yendor (4 times) Death Pestilence Famine a high priest 5 ancient green dragons 4 mammoths Vlad the Impaler Medusa Croesus 17 krakens 2 elder red dragons 5 iron golems a gray dragon a silver dragon 4 red dragons 4 white dragons 2 orange dragons 7 black dragons 4 blue dragons 6 green dragons 2 yellow dragons 11 storm giants 2 titans 3 deep ettins 7 glass golems 6 balrogs 12 purple worms 15 minotaurs 9 jabberwocks Scorpius 7 baluchitheria 10 Angels 2 young gray dragons 3 young red dragons 4 young white dragons 2 young orange dragons 4 young black dragons 4 young blue dragons 49 young green dragons a young yellow dragon 10 stone golems 20 Olog-hai 5 Nazgul 13 pit fiends 50 sandestins 3 hell hounds 6 titanotheres 4 trappers 11 baby red dragons a baby white dragon a baby black dragon a baby blue dragon a baby yellow dragon 3 gryphons a guardian naga 2 disenchanters 27 vampire lords 6 shades 7 skeletons a prisoner 9 aligned priests 6 captains a lich 3 clay golems 9 nurses 25 ice devils 11 nalfeshnees 6 lurkers above an Aleax a golden naga 3 black puddings 18 vampires 33 ghosts 5 ettins 8 lieutenants 2 watch captains a priestess a wizard a queen bee 6 winged gargoyles 2 mind flayers 12 giant mimics 3 fire giants 12 ogre kings 4 Elvenkings 27 rock trolls 4 umber hulks 3 flesh golems 18 doppelgangers 35 hezrous 29 bone devils 4 salamanders 9 large mimics 8 wumpuses 3 fire vortices 2 baby purple worms 8 long worms 19 stalkers 7 air elementals 5 fire elementals an earth elemental 3 water elementals 13 hill giants a giant mummy a black naga 19 elf-lords 6 xorns 12 giant zombies 16 sergeants a barbed devil 46 vrocks 10 wargs 4 winter wolves 14 hell hound pups 7 quantum mechanics 25 small mimics 2 glass piercers 6 warhorses 6 steam vortices 18 xans 5 ettin mummies 11 ogre lords 52 trolls 2 sasquatches 4 wood golems an erinys 14 mariliths 4 sharks 8 electric eels 5 pyrolisks 2 large dogs 3 freezing spheres 8 flaming spheres 11 shocking spheres a large cat 7 tigers 12 gargoyles 2 dwarf kings 4 tengu 12 gelatinous cubes 7 ochre jellies 6 crocodiles 16 chameleons 11 leocrottas 4 energy vortices 27 mountain centaurs 7 giants 4 elf mummies 11 human mummies 25 Grey-elves 4 pit vipers 8 pythons 6 cobras 47 wraiths 14 ettin zombies 4 leather golems 80 soldiers 4 watchmen a horned devil 9 succubi 17 incubi 6 giant beetles 21 cockatrices 14 wolves 2 winter wolf cubs 5 black lights 6 lynxes 5 panthers 28 gremlins 8 leprechauns 7 quivering blobs 2 spotted jellies 11 lizards 15 mountain nymphs 6 orc-captains 3 mumakil 9 giant spiders 31 scorpions 3 iron piercers 4 horses an ice vortex 10 vampire bats 56 forest centaurs 6 orc mummies 4 dwarf mummies 9 ogres 3 brown puddings 22 Green-elves 5 rust monsters 10 owlbears 6 yetis 7 gold golems 10 werewolves 10 piranhas 14 giant eels 5 hunters 3 chickatrices 4 dogs a dingo 2 housecats 7 jaguars 2 dwarf lords 6 blue jellies 9 water nymphs 3 white unicorns a black unicorn 7 dust vortices 34 ravens 12 plains centaurs 3 gnome mummies 6 Woodland-elves 6 snakes 17 apes 11 human zombies 7 rope golems 25 soldier ants 9 fire ants 12 yellow lights 14 bugbears 4 imps 3 baby crocodiles 6 wood nymphs 6 Mordor orcs 7 Uruk-hai 8 orc shamans 4 rock moles 2 rock piercers 2 ponies 6 fog clouds 7 shriekers 9 violet fungi 7 gnome lords 6 gnomish wizards 4 kobold mummies 3 black naga hatchlings a golden naga hatchling a guardian naga hatchling 7 gray oozes 6 barrow wights 14 elf zombies 20 ghouls 4 straw golems 3 paper golems 7 jellyfish 8 giant ants 4 puppies 14 floating eyes 2 kittens 10 dwarves 7 homunculi 2 quasits 3 kobold lords 4 kobold shamans 7 iguanas 11 hill orcs 23 rothes a rabid rat 6 centipedes 6 jitterbugs 8 giant bats 3 monkeys 18 orc zombies 16 dwarf zombies 4 wererats 3 werejackals 36 killer bees 2 coyotes 5 gas spores 11 hobbits 6 acid blobs 3 large kobolds 10 geckos 16 hobgoblins 24 giant rats 5 cave spiders a brown mold 13 yellow molds 2 red molds 12 gnomes 4 garter snakes 20 manes 17 gnome zombies 12 jackals 6 foxes 5 kobolds 15 newts 10 goblins 5 sewer rats 8 grid bugs 7 bats 14 lichens 13 kobold zombies 4 humans 2618 creatures vanquished. Genocided species: hobbits dwarves bugbears dwarf lords dwarf kings quantum mechanics mind flayers master mind flayers island nymphs liches demiliches master liches arch-liches gray oozes brown puddings black puddings green slimes rust monsters disenchanters umber hulks jellyfish piranhas sharks giant eels electric eels krakens 26 species genocided. Voluntary challenges: You did not cause conflict. You had been an atheist until turn 2815. You used a wielded weapon 408 times, starting on turn 5213. You did not use sinks. You read items or engraved 119 times, starting on turn 2814. You genocided 26 types of monsters, starting on turn 13207. You never polymorphed an object. You changed form 3 times, starting on turn 8571. You completed Sokoban on turn 4293, according to the rules. You used 7 wishes, starting on turn 12152. You wished for your your first artifact on turn 27156. You never split a pudding. You wrote Elbereth's name 1 time, starting on turn 8687. You violated your moral code, losing 30 points of alignment, starting on turn 5925. Dungeon overview: The Dungeons of Doom: levels 1 to 29 Level 1 a fountain stairs to The Elemental Planes Level 2 (vault) a fountain Level 3 a scroll shop Level 4 a delicatessen stairs to The Gnomish Mines Level 5 a sink Level 6 many fountains Level 7 stairs to Sokoban Level 8 a sink Level 9 a fountain Level 10 a fountain Level 11 an altar to Mars, some fountains Level 12 Level 13 (big room + quest) many fountains portal to The Quest Level 14 portal to Fort Ludios Level 15 some fountains Level 16 a fountain Level 17 Level 18 a temple to Mercury, a fountain Level 19 a temple to Mars, a fountain Level 20 a weapon shop, a fountain Level 21 Level 22 Level 23 (vault) an altar to Venus, a fountain Level 24 (medusa) many trees Level 25 Level 26 Level 27 Level 28 some fountains Level 29 a magic chest, many sinks, many benchs Gehennom: levels 30 to 58 Level 30 a temple to Moloch, a magic chest stairs to The Dungeons of Doom Level 31 Level 32 Level 33 many shops, a temple to Moloch, a magic chest, some fountains, a sink, many trees Level 34 Level 35 a magic chest Level 36 Level 37 a fountain Level 38 Level 39 stairs to Vlad's Tower Level 40 Level 41 Level 42 a magic chest Level 43 (orcus) some shops, an altar to Moloch, a magic chest Level 44 Level 45 Level 46 Level 47 (wizard top) a magic chest Level 48 Level 49 portal to Gehennom Level 50 Level 51 Level 52 Level 53 portal to Gehennom Level 54 Level 55 Level 56 Level 57 Level 58 The Gnomish Mines: levels 5 to 12 Level 5 stairs to The Dungeons of Doom Level 6 Level 7 many shops, a temple to Mars, a magic chest, some fountains Level 8 Level 9 Level 10 Level 11 (pickaxe dwarf) Level 12 a magic chest, a fountain The Quest: levels 1 to 5 Level 1 a magic chest, many trees portal to The Dungeons of Doom Level 2 many trees Level 3 Level 4 Level 5 an altar to Mercury, many trees Sokoban: levels 3 to 6 Level 3 a magic chest Level 4 a sink Level 5 Level 6 an altar to Venus, a magic chest stairs to The Dungeons of Doom Fort Ludios: Level 1 a magic chest, a throne portal to The Dungeons of Doom Vlad's Tower: levels 36 to 38 Level 36 Level 37 an altar to Moloch Level 38 (candelabrum + bell) stairs to Gehennom The Elemental Planes: Astral Plane <- You were here some high altars Plane 4 portal to The Elemental Planes Plane 3 portal to The Elemental Planes Plane 2 portal to The Elemental Planes Plane 1 portal to The Elemental Planes History has recorded: On T:1 you entered the Dungeons of Doom to retrieve the Amulet of Yendor! On T:161 you reached level 2 of The Dungeons of Doom. On T:791 you reached level 3 of The Dungeons of Doom. On T:987 you reached level 4 of The Dungeons of Doom. On T:1313 you advanced to experience level 2. On T:1457 you reached level 5 of The Dungeons of Doom. On T:1574 you advanced to experience level 3. On T:1834 you reached level 6 of The Dungeons of Doom. On T:1876 you advanced to experience level 4. On T:2485 you advanced to experience level 5. On T:2684 you reached level 7 of The Dungeons of Doom. On T:2749 you reached level 4 of Sokoban. On T:2812 you opened a magic chest. On T:3034 you reached level 3 of Sokoban. On T:3290 you reached level 2 of Sokoban. On T:3508 you advanced to experience level 6. On T:3778 you reached level 1 of Sokoban. On T:4293 you advanced to experience level 7. On T:4293 you entered the Sokoban zoo. On T:4731 you reached level 2 of The Gnomish Mines. On T:5002 you reached level 3 of The Gnomish Mines. On T:5123 you reached level 4 of The Gnomish Mines. On T:5493 you entered the Minetown temple On T:6488 you advanced to experience level 8. On T:6721 you reached level 5 of The Gnomish Mines. On T:6748 you reached level 7 of The Gnomish Mines. On T:6756 you reached level 6 of The Gnomish Mines. On T:6784 you prayed to Venus. On T:8259 you reached level 8 of The Gnomish Mines. On T:8259 you reached the bottom of the Mines. On T:8522 you advanced to experience level 9. On T:10047 you reached level 8 of The Dungeons of Doom. On T:10210 you reached level 9 of The Dungeons of Doom. On T:10474 you reached level 10 of The Dungeons of Doom. On T:10554 you reached level 11 of The Dungeons of Doom. On T:10933 you reached level 12 of The Dungeons of Doom. On T:10955 you advanced to experience level 10. On T:11556 you reached level 13 of The Dungeons of Doom. On T:12133 you prayed to Venus. On T:12152 you wished for "+3 blessed fixed greased gray dragon scale mail". On T:12466 you reached level 14 of The Dungeons of Doom. On T:12703 you reached level 15 of The Dungeons of Doom. On T:13031 you reached level 16 of The Dungeons of Doom. On T:13285 you reached level 17 of The Dungeons of Doom. On T:13285 you entered the Rogue tribute level. On T:13446 you reached level 18 of The Dungeons of Doom. On T:13583 you advanced to experience level 11. On T:13673 you reached level 19 of The Dungeons of Doom. On T:14010 you reached level 20 of The Dungeons of Doom. On T:14143 you reached level 21 of The Dungeons of Doom. On T:14539 you reached level 22 of The Dungeons of Doom. On T:14818 you reached level 23 of The Dungeons of Doom. On T:15659 you reached level 1 of The Quest. On T:15685 you advanced to experience level 12. On T:16293 you reached level 24 of The Dungeons of Doom. On T:16515 you advanced to experience level 13. On T:16946 you advanced to experience level 14. On T:17811 you prayed to Venus. On T:17854 you prayed to Venus. On T:17906 you prayed to Venus. On T:17924 you prayed to Venus. On T:18007 you prayed to Venus. On T:18044 you prayed to Venus. On T:18095 you prayed to Venus. On T:18123 you prayed to Venus. On T:18343 you embarked upon an epic quest. On T:18476 you reached level 2 of The Quest. On T:18542 you advanced to experience level 15. On T:18582 you reached level 3 of The Quest. On T:18740 you reached level 4 of The Quest. On T:19081 you reached level 5 of The Quest. On T:19582 you killed Scorpius on level 5 of The Quest. On T:19774 you completed the quest! On T:21811 you reached Fort Ludios. On T:23084 you killed Croesus in Fort Ludios. On T:24006 you advanced to experience level 16. On T:24465 you killed Medusa on level 24 of The Dungeons of Doom. On T:24469 you reached level 25 of The Dungeons of Doom. On T:24644 you reached level 26 of The Dungeons of Doom. On T:25016 you reached level 27 of The Dungeons of Doom. On T:25422 you reached level 28 of The Dungeons of Doom. On T:25927 you reached The Castle. On T:26210 you reached The Valley of the Dead. On T:27156 you wished for "blessed fixed the eye of the aethiopica". On T:27906 you advanced to experience level 17. On T:29129 you reached level 3 of Gehennom. On T:29292 you reached level 4 of Gehennom. On T:30151 you reached level 6 of Gehennom. On T:30963 you reached level 7 of Gehennom. On T:31048 you killed Baalzebub on level 5 of Gehennom. On T:31348 you reached level 8 of Gehennom. On T:32133 you reached level 9 of Gehennom. On T:32144 you reached level 10 of Gehennom. On T:32284 you killed Juiblex on level 8 of Gehennom. On T:33062 you reached level 3 of Vlad's Tower. On T:33167 you reached level 2 of Vlad's Tower. On T:33291 you reached level 1 of Vlad's Tower. On T:33385 you killed Vlad the Impaler on level 1 of Vlad's Tower. On T:33527 you wished for "+3 blessed fixed gauntlets of power". On T:33563 you advanced to experience level 18. On T:33711 you reached level 11 of Gehennom. On T:34069 you reached level 12 of Gehennom. On T:34319 you reached level 13 of Gehennom. On T:35168 you killed Dispater on level 13 of Gehennom. On T:35270 you reached level 14 of Gehennom. On T:35452 you advanced to experience level 19. On T:36119 you reached level 15 of Gehennom. On T:36155 you killed Orcus on level 14 of Gehennom. On T:36511 you reached level 16 of Gehennom. On T:36652 you reached level 17 of Gehennom. On T:37108 you reached level 18 of Gehennom. On T:37594 you reached level 19 of Gehennom. On T:37679 you advanced to experience level 20. On T:37845 you reached level 20 of Gehennom. On T:38149 you reached level 21 of Gehennom. On T:38300 you reached level 22 of Gehennom. On T:38416 you reached level 23 of Gehennom. On T:38637 you reached level 24 of Gehennom. On T:38743 you killed Yeenoghu on level 23 of Gehennom. On T:38791 you advanced to experience level 21. On T:39614 you reached level 25 of Gehennom. On T:39691 you reached level 26 of Gehennom. On T:39848 you reached level 27 of Gehennom. On T:39978 you reached level 28 of Gehennom. On T:40191 you wished for "+3 blessed fixed greased helm of brilliance". On T:40200 you wished for "blessed fixed amulet of flying". On T:40239 you wished for "+3 blessed fixed greased shield of reflection". On T:40244 you wished for "fixed uncursed magic marker". On T:40352 you advanced to experience level 22. On T:40355 you advanced to experience level 23. On T:40358 you advanced to experience level 24. On T:40359 you advanced to experience level 25. On T:40362 you advanced to experience level 26. On T:40363 you advanced to experience level 27. On T:40364 you advanced to experience level 28. On T:40365 you advanced to experience level 29. On T:40366 you advanced to experience level 30. On T:40631 you killed Wizard of Yendor on level 18 of Gehennom. On T:40740 you performed the invocation. On T:40741 you reached level 29 of Gehennom. On T:40838 you killed high priest of Moloch on level 29 of Gehennom. On T:40839 you gained the Amulet of Yendor! On T:41069 you killed Wizard of Yendor on level 19 of Gehennom. On T:41710 you killed Wizard of Yendor on level 19 of The Dungeons of Doom. On T:42042 you reached the Plane of Earth. On T:42043 you killed Wizard of Yendor on the Plane of Earth. On T:42075 you reached the Plane of Air. On T:42125 you reached the Plane of Fire. On T:42149 you reached the Plane of Water. On T:42177 you reached the Astral Plane. On T:42213 you killed Death on the Astral Plane. On T:42259 you killed Famine on the Astral Plane. On T:42270 you killed Pestilence on the Astral Plane. On T:42288 you lost the Amulet of Yendor. On T:42288 you offered the Amulet of Yendor to Venus and ascended to the status of Demigoddess! Score breakdown: Gold: 0 ( 0 points) Experience: 30 levels ( 2000 points) Exploration: 58 levels ( 2000 points) Discoveries: 153 items ( 2000 points) Variety of kills: 299 monsters ( 2000 points) Major goal: ascended ( 5000 points) Ascension bonuses Valuables value: 600 ( 60 points) Artifacts: 2 ( 2000 points) Speed bonus: 42288 turns ( 2885 points) Conduct bonus: 3 conducts ( 4900 points) Survival: ascended (score multiplied by 10) Total score: 228450 Latest messages: The high priest intones: "Pilgrim, you enter a sacred place!" You hear a nearby zap. The invisible vampire picks up a wand of speed monster. The priest of Mercury wields a mace! The priest of Mercury kicks! The priest of Mercury casts a spell at you! You feel momentarily dizzy. You hear a nearby zap. The Archon wields a long sword! The Archon swings her long sword at you. The Archon hacks you! You are blinded by the Archon's radiance! You stagger... The Archon punches you! The Archon casts a spell at you! Oh no, she's using the touch of death! You resist it. You feel a bit steadier now. You can see again. You offer the Amulet of Yendor to Venus... An invisible choir sings, and you are bathed in radiance... The voice of Venus booms out: "Congratulations, mortal!" "In return for thy service, I grant thee the gift of Immortality!" You ascend to the status of Demigoddess... Final status: Goodbye woodfighter the Demigoddess, ascended... You went to your reward with 228450 points, The Longbow of Diana (worth 4000 zorkmids) The Eye of the Aethiopica (worth 4000 zorkmids) 3 amulets of life saving (worth 450 zorkmids), 1 amulet of flying (worth 150 zorkmids), and 0 pieces of gold, after 42288 moves. You were level 30 with a maximum of 195 hit points when you ascended.